Map: Sequencer LE

Players

Santaclaws

  • Race: Zerg Zerg
  • League: Diamond
  • Spawn Location: 1:00

eXile - Winner!

  • Race: Zerg Zerg
  • League: Platinum
  • Spawn Location: 7:00

VOD

Have the link to the VOD?

Description

Time

  • Played on: June 20, 2017, 7:37 a.m.
  • Length: 27:58
Show
View Real Time Build Order
Export as new Build Order

Santaclaws Zerg 

Build Orders: Hatch First, Lurkers 

Get SALT Encoding   

  12  0:01  Drone  
  13  0:12  Overlord  
  13  0:18  Drone  
  14  0:30  Drone x2  
  14  0:35  Drone  
  17  0:45  Drone  
  18  0:59  Hatchery  
  18  1:01  Drone  
  18  1:09  Drone  
  19  1:18  Spawning Pool  
  18  1:20  Drone  
  19  1:25  Extractor  
  19  1:32  Drone  
  19  1:39  Drone  
  20  1:49  Drone  
  21  2:10  Queen, Extractor  
  21  2:12  Overlord  
  21  2:15  Drone  
  24  2:16  Queen  
  24  2:18  Drone  
  27  2:34  Zergling x8  
  31  2:43  Metabolic Boost  
  31  2:50  Hatchery  
  30  2:55  Drone x2  
  32  3:14  Drone  
  32  3:15  Drone x3  
  32  3:19  Lair  
  36  3:23  Overlord  
  36  3:27  Overlord  
  36  3:46  Drone  
  36  3:47  Drone x7  
  44  3:53  Extractor  
  43  3:56  Extractor  
  41  4:19  Queen  
  41  4:21  Drone  
  41  4:22  Drone  
  45  4:39  Hydralisk Den  
  44  4:50  Zergling x2  
  44  4:51  Zergling x10  
  44  4:52  Overlord x3  
  50  5:03  Roach Warren  
  50  5:04  Evolution Chamber  
  48  5:12  Hydralisk  
  48  5:13  Hydralisk x4  
  58  5:16  Drone x3  
  58  5:17  Drone  
  62  5:32  Extractor  
  62  5:35  Hydralisk  
  61  5:37  Drone  
  61  5:38  Drone x4  
  61  5:40  Lurker Den  
  68  5:57  Roach  
  68  5:58  Roach x2  
  68  5:59  Overlord x2  
  68  6:01  Zerg Missile Weapons Level 1  
  74  6:21  Overlord  
  74  6:22  Hatchery  
  74  6:23  Roach x8  
  74  6:24  Drone  
  90  6:26  Overlord  
  90  6:31  Extractor  
  89  6:37  Drone  
  90  6:44  Glial Reconstitution  
  90  6:58  Drone  
  90  6:59  Drone x10  
  101  7:02  Overlord x2  
  101  7:11  Overseer  
  101  7:13  Overseer  
  101  7:26  Hydralisk  
  101  7:27  Hydralisk x6  
  115  7:49  Baneling Nest  
  115  7:50  Drone x2  
  116  7:53  Roach x6  
  116  7:58  Overlord x3  
  128  8:16  Queen  
  128  8:17  Lurker x2  
  128  8:18  Lurker x4  
  136  8:21  Roach x6  
  148  8:29  Drone x4  
  148  8:30  Overlord  
  150  8:49  Queen  
  152  8:57  Baneling x4  
  152  8:58  Baneling x14  
  152  9:18  Roach  
  152  9:19  Roach x3  
  152  9:20  Overlord  
  160  9:33  Overlord x3  
  160  9:34  Overlord x4  
  160  9:42  Zerg Missile Weapons Level 2  
  160  9:50  Infestation Pit, Evolution Chamber  
  158  9:56  Spire  
  158  9:59  Muscular Augments  
  157  10:12  Drone  
  157  10:13  Drone x8  
  166  10:18  Extractor  
  165  10:22  Centrifical Hooks  
  165  10:24  Zergling x8  
  165  10:25  Zergling x14  
  176  10:30  Hive  
  146  10:58  Hydralisk, Roach  
  146  10:59  Hydralisk x9  
  148  11:07  Zerg Ground Armor Level 1  
  148  11:09  Baneling  
  148  11:10  Baneling x7  
  148  11:20  Extractor  
  147  11:27  Roach x6  
  147  11:28  Roach x3  
  165  11:57  Overseer  
  118  12:35  Hydralisk x10  
  118  12:36  Hydralisk x11  
  154  12:53  Roach x4  
  162  13:15  Ultralisk Cavern, Greater Spire  
  161  13:20  Hatchery  
  160  13:34  Hydralisk  
  160  13:35  Hydralisk x11  
  160  13:40  Roach x2  
  160  13:41  Roach  
  190  13:47  Zerg Melee Weapons Level 1  
  190  14:07  Chitinous Plating  
  190  14:09  Ultralisk  
  196  15:00  Zerg Ground Armor Level 2  
  196  15:04  Ultralisk  
  200  15:41  Zerg Missile Weapons Level 3  
  200  16:01  Zerg Flyer Armor Level 1  
  116  16:21  Ultralisk  
  116  16:22  Ultralisk x6  
  116  16:24  Hydralisk x3  
  121  16:43  Ultralisk  
  127  16:50  Hydralisk x4  
  135  16:57  Hydralisk x3  
  97  17:24  Ultralisk x2  
  91  17:38  Zergling x2  
  91  17:39  Zergling x22  
  91  17:40  Zergling x16  
  111  18:03  Extractor  
  111  18:05  Adrenal Glands, Extractor  
  109  18:06  Corruptor  
  109  18:07  Corruptor x2  
  115  18:36  Swarm Host x4  
  115  18:38  Swarm Host  
  130  19:01  Hatchery  
  129  19:12  Brood Lord x3  
  98  19:55  Extractor  
  98  19:58  Ultralisk x2  
  98  19:59  Hydralisk x2  
  113  20:15  Ultralisk  
  119  20:28  Hydralisk x3  
  119  20:31  Zergling x12  
  119  20:32  Zergling x12  
  129  20:51  Ultralisk  
  129  20:52  Zergling x8  
  129  20:53  Zergling x6  
  121  21:15  Ultralisk, Zergling x2  
  121  21:16  Zergling x18  
  116  21:54  Zergling x2  
  116  21:55  Zergling x34  
  116  22:00  Zergling x6  
  137  22:34  Ultralisk  
  137  22:35  Hydralisk x2  
  147  22:38  Zergling x2  
  147  22:39  Zergling x22  
  159  22:46  Zergling x2  
  160  22:57  Zerg Melee Weapons Level 2  
  126  23:29  Zergling x28  
  126  23:30  Zergling x6  
  143  23:44  Hatchery  
  142  23:56  Ultralisk  
  142  23:59  Zergling x2  
  142  24:00  Zergling x20  
  159  24:15  Spore Crawler x2  
  159  24:16  Spore Crawler  
  159  24:17  Spore Crawler x3  
  154  24:20  Spore Crawler  
  152  24:44  Mutalisk  
  152  24:45  Mutalisk x2  
  156  24:46  Mutalisk  
  160  25:11  Mutalisk  
  162  25:16  Extractor  
  162  25:18  Extractor  
  160  25:21  Zergling x2  
  160  25:22  Zergling x24  
  160  25:23  Zergling x2  
  174  25:39  Mutalisk  
  176  26:12  Mutalisk  
  176  26:13  Hatchery  
  177  26:18  Hatchery  
Show
View Real Time Build Order
Export as new Build Order

eXile Zerg - Winner!

Build Orders: Hatch First, Lurkers, Swarm Host 

Get SALT Encoding   

  12  0:01  Drone  
  13  0:13  Overlord  
  13  0:19  Drone  
  14  0:34  Drone x2  
  16  0:39  Drone  
  17  0:55  Hatchery  
  16  0:58  Drone  
  16  1:01  Extractor  
  16  1:03  Drone  
  17  1:18  Spawning Pool  
  16  1:23  Drone  
  18  1:25  Drone  
  18  1:32  Drone  
  19  1:42  Overlord  
  19  1:51  Drone  
  20  2:04  Metabolic Boost  
  20  2:05  Queen  
  22  2:10  Queen  
  22  2:14  Drone  
  25  2:20  Zergling x4  
  27  2:28  Drone x2  
  29  2:34  Baneling Nest  
  29  2:36  Drone  
  29  2:41  Drone  
  30  2:50  Queen  
  32  3:08  Overlord  
  32  3:09  Drone  
  32  3:10  Zergling x4  
  32  3:12  Drone  
  36  3:13  Overlord  
  36  3:43  Evolution Chamber  
  36  3:45  Evolution Chamber  
  36  3:48  Zergling x12  
  39  4:18  Baneling  
  39  4:20  Lair  
  39  4:24  Spore Crawler  
  39  4:26  Spore Crawler, Drone  
  39  4:27  Drone x6  
  43  4:43  Overlord  
  43  4:45  Zerg Missile Weapons Level 1  
  43  4:46  Zerg Ground Armor Level 1  
  43  4:52  Extractor  
  42  4:53  Extractor  
  42  4:54  Extractor  
  40  5:12  Hatchery  
  39  5:20  Drone x10  
  49  5:24  Baneling x2  
  49  5:25  Baneling  
  49  5:38  Drone x3  
  49  5:39  Overlord x2  
  52  5:46  Hydralisk Den  
  51  5:52  Pneumatized Carapace  
  51  6:00  Overseer  
  51  6:02  Overlord  
  51  6:13  Drone x4  
  55  6:22  Hydralisk x3  
  61  6:29  Spore Crawler  
  61  6:32  Spore Crawler  
  59  6:35  Hydralisk x4  
  59  6:36  Hydralisk  
  69  6:42  Drone x4  
  73  7:00  Zerg Missile Weapons Level 2  
  73  7:05  Spore Crawler  
  72  7:14  Overlord x2  
  72  7:16  Drone x6  
  72  7:17  Drone x3  
  72  7:19  Overlord  
  72  7:22  Overlord  
  81  7:32  Queen  
  83  7:43  Spire  
  82  7:49  Lurker Den  
  82  7:57  Overlord x2  
  82  7:59  Hydralisk x4  
  82  8:00  Hydralisk  
  92  8:20  Extractor  
  91  8:40  Hatchery  
  90  8:46  Hydralisk x3, Zergling x4  
  90  8:47  Hydralisk x6  
  104  9:06  Roach Warren  
  103  9:16  Zerg Ground Armor Level 2  
  103  9:35  Centrifical Hooks  
  103  9:43  Zergling x4  
  103  9:44  Zergling x12  
  111  9:54  Baneling x4  
  111  9:56  Roach x3  
  111  9:57  Roach  
  111  9:58  Overlord x3  
  111  9:59  Overlord  
  119  10:05  Lurker  
  120  10:13  Overlord  
  120  10:15  Overseer  
  120  10:17  Overseer  
  120  10:19  Roach x4  
  120  10:20  Roach x7  
  120  10:21  Roach  
  144  10:24  Overseer  
  144  10:29  Lurker  
  144  10:30  Lurker  
  144  10:31  Lurker  
  135  11:11  Zergling x2  
  135  11:12  Zergling x28  
  150  11:23  Overlord x4  
  150  11:24  Overlord x3  
  150  11:33  Hatchery  
  150  11:35  Queen  
  151  11:43  Drone x6  
  151  11:44  Drone x2  
  75  12:21  Roach x16  
  105  12:23  Burrow  
  96  12:50  Infestation Pit  
  95  12:52  Ravager x3  
  95  12:53  Ravager x2  
  95  12:54  Hydralisk x7  
  95  12:55  Hydralisk x6  
  126  13:14  Drone x11  
  126  13:15  Drone x3  
  126  13:17  Hydralisk  
  142  13:38  Lurker x5  
  142  13:39  Lurker x3  
  150  13:51  Extractor  
  150  13:52  Extractor  
  148  14:02  Overlord, Roach x5  
  158  14:03  Overlord x3  
  158  14:15  Hive  
  158  14:31  Overlord x2  
  158  14:34  Swarm Host x6  
  158  14:35  Swarm Host  
  179  14:40  Hatchery  
  178  14:48  Swarm Host x3  
  187  15:15  Zergling x26  
  200  15:38  Zerg Ground Armor Level 3, Zerg Missile Weapons Level 3  
  200  15:40  Adrenal Glands  
  200  15:43  Baneling x5  
  200  15:44  Baneling x2  
  200  15:55  Baneling x4  
  200  15:56  Baneling x4  
  158  16:40  Zergling x10  
  158  16:41  Zergling x56  
  158  16:42  Zergling x16  
  133  17:23  Hydralisk  
  133  17:24  Hydralisk x16  
  122  17:59  Greater Spire  
  122  18:06  Roach x3  
  122  18:07  Roach x7  
  122  18:08  Roach x3  
  148  18:20  Lurker x2  
  148  18:21  Hatchery, Lurker  
  150  18:29  Baneling x6  
  150  18:30  Baneling  
  150  18:35  Overseer x2  
  150  18:42  Hydralisk x4  
  150  18:43  Hydralisk x2  
  162  18:55  Extractor  
  161  18:56  Extractor  
  89  19:44  Corruptor x3  
  89  19:45  Corruptor x4  
  100  19:54  Zergling x2  
  100  19:55  Zergling x36  
  112  20:14  Zerg Melee Weapons Level 1  
  112  20:21  Hydralisk x5  
  122  20:30  Zergling x28  
  122  20:31  Zergling x4  
  134  21:00  Zergling x2  
  134  21:01  Zergling x14  
  134  21:02  Zergling x2  
  143  21:06  Brood Lord  
  126  21:48  Brood Lord  
  126  21:50  Brood Lord x2  
  132  21:55  Lurker  
  133  22:21  Hatchery  
  132  22:56  Lurker x3  
  130  23:31  Lurker  
  130  23:32  Lurker  
  132  23:36  Extractor  
  131  23:49  Zergling x12  
  131  23:50  Zergling x34  
  154  23:56  Zerg Melee Weapons Level 2  
  154  23:57  Hatchery  
  153  24:26  Hydralisk  
  153  24:27  Hydralisk x3  
  161  24:48  Spine Crawler  
  160  25:30  Hydralisk x6  
  160  25:31  Hydralisk x2  
  160  25:33  Overlord  
  160  25:34  Overlord x3  
  176  25:43  Spine Crawler  
  176  25:45  Spine Crawler  
  174  25:52  Extractor  
  174  25:53  Extractor  
  172  26:27  Lurker x3  
  172  26:28  Lurker x2  
  115  26:56  Corruptor  
  115  27:01  Hydralisk x2  
  89  27:31  Zergling x2  
  89  27:32  Zergling x62  
  89  27:33  Zergling x10  
Tags
 
Add a new tag
Caveats
  • Supply blocks, unpowered buildings, or Contaminate may cause inaccurate times.
  • Supply counts are checked every 10 seconds.